 Dungeon Crawl Stone Soup version 0.32-a0-841-g4648e6c457 (webtiles) character file.

Game seed: 1818270771167440550

356588 backslashecho the Brawler (level 21, 0/288 HPs)
             Began as a Troll Shapeshifter on Mar 27, 2024.
             Was a High Priest of Trog.
             Slain by a rockslime (7 damage)
             ... created by the Royal Jelly
             ... on level 5 of the Pits of Slime.
             The game lasted 02:21:44 (40484 turns).

backslashecho the Brawler (Troll Shapeshifter)     Turns: 40484, Time: 02:21:45

Health: 0/288      AC: 24    Str: 33    XL:     21   Next: 40%
Magic:  0/20       EV: 17    Int:  6    God:    Trog [*****.]
Gold:   1766       SH:  0    Dex: 15    Spells: 20/20 levels left

rFire   x .          .
                       - Unarmed
rCold   + . .        (no shield)
rNeg    + . .        F - melded +0 troll leather armour
rPois   ∞            K - +2 hat {SInv}
rElec   +            E - +2 cloak
rCorr   +            (gloves unavailable)
SInv    +            (boots unavailable)
Will    ++...        L - amulet "Abbe" {Acrobat Rampage +Blink}
Stlth   +            I - ring "Jebruathru" {Ice rElec Will+ Str+5 Dex-2}
HPRegen 1.48/turn    Q - ring of resist corrosion
MPRegen 0.17/turn

%: acrobat, rampage
@: mighty, about to teleport, statue-form, engulfed, corroded, hasted
(expiring), invisible
A: slow and powerful, torment resistance 1, boosted hp, large, unfitting armour,
claws 3, regeneration 1, (shaggy fur 1), (tough skin 1)
}: 2/15 runes: decaying, serpentine
a: Begin Untransformation, Renounce Religion, Evoke Blink, Berserk, Trog's Hand,
Brothers in Arms


You were on level 5 of the Pits of Slime.
You worshipped Trog.
Trog was extremely pleased with you.
You were a living statue of rough stone.
You visited 8 branches of the dungeon, and saw 40 of its levels.
You also visited: Bailey.

You collected 4628 gold pieces.
You spent 2862 gold pieces at shops.

Inventory:

Missiles
 C - 3 throwing nets (quivered)
Armour
 E - a +2 cloak (worn)
 F - a +0 troll leather armour (melded)
 K - a +2 hat of see invisible (worn)
Jewellery
 a - a ring of protection from fire
 x - a ring of flight
 D - a +5 ring of evasion
 G - the ring of Modesty {rC+ Str+3 Int+3}
   (You bought it in a shop on level 1 of the Orcish Mines)

   [ring of protection from cold]

   Str+3:     It affects your strength (+3).
   Int+3:     It affects your intelligence (+3).
   rC+:       It protects you from cold.
 I - the ring "Jebruathru" (left claw) {Ice rElec Will+ Str+5 Dex-2}
   (You found it on level 14 of the Dungeon)

   [ring of ice]

   Ice:       It enhances your ice magic.
   Str+5:     It affects your strength (+5).
   Dex-2:     It affects your dexterity (-2).
   rF-:       It makes you vulnerable to fire.
   rC+:       It protects you from cold.
   rElec:     It insulates you from electricity.
   Will+:     It increases your willpower.
 L - the amulet "Abbe" (around neck) {Acrobat Rampage +Blink}
   (You bought it in a shop on level 1 of the Orcish Mines)

   [amulet of the acrobat]

   Acrobat:   It increases your evasion while moving and waiting.
   +Blink:    It lets you blink.
   Rampage:   It bestows one free step when moving towards enemies.
 Q - a ring of resist corrosion (right claw)
 U - a ring of positive energy
 Y - an amulet of reflection
Talismans
 c - a beast talisman
 d - a flux talisman
 n - a maw talisman
 R - the serpent talisman of Toemihai {rC+ rCorr}
   (You took it off Aizul on level 2 of the Swamp)

   [serpent talisman]

   rC+:       It protects you from cold.
   rCorr:     It protects you from acid and corrosion.
 X - a granite talisman (active)
Wands
 i - a wand of digging (10)
 k - a wand of mindburst (24)
 u - a wand of flame (38)
 v - a wand of iceblast (15)
 P - a wand of light (7)
Scrolls
 b - a scroll of enchant armour
 e - 6 scrolls of teleportation
 g - 8 scrolls of noise
 h - a scroll of torment
 l - 3 scrolls of vulnerability
 m - 7 scrolls of fear
 r - 4 scrolls of revelation
 w - 8 scrolls of identify
 y - 4 scrolls of immolation
 H - 2 scrolls of blinking
 N - a scroll of fog
 S - 3 scrolls of silence
 W - a scroll of poison
Potions
 f - 6 potions of mutation
 j - 3 potions of enlightenment
 o - 4 potions of invisibility
 p - 7 potions of haste
 q - a potion of resistance
 s - 5 potions of attraction
 t - 6 potions of heal wounds
 z - 2 potions of cancellation
 A - 15 potions of curing
 B - 5 potions of might
 J - a potion of lignification
 M - 3 potions of ambrosia
 T - 2 potions of berserk rage


   Skills:
 + Level 16.2 Fighting
 + Level 16.3 Dodging
 + Level 20.2 Unarmed Combat
 - Level 5.0 Evocations
 + Level 17.8 Shapeshifting


You had 20 spell levels left.
You didn't know any spells.
Your spell library contained the following spells:

 Spells                   Type           Power      Damage    Failure   Level
 Slow                     Hex            0%         N/A       45%         1
 Call Canine Familiar     Summ           0%         N/A       83%         3
 Confusing Touch          Hex            0%         N/A       83%         3
 Sigil of Binding         Hex            0%         N/A       83%         3
 Vampiric Draining        Necr           0%         2d6       83%         3
 Animate Armour           Summ/Erth      0%         N/A       99%         4
 Dimensional Bullseye     Hex/Tloc       0%         N/A       99%         4
 Summon Lightning Spire   Summ/Air       0%         N/A       99%         4
 Vhi's Electric Charge    Tloc/Air       0%         N/A       99%         4
 Arcjolt                  Conj/Air       0%         1d10      100%        5
 Lee's Rapid Deconstruct  Erth           0%         3d4*      100%        5
 Maxwell's Capacitive Co  Air            0%         ∞         100%        8


Dungeon Overview and Level Annotations

Branches:
Dungeon (15/15)            Temple (1/1) D:4            Lair (5/5) D:9
  Swamp (4/4) Lair:3        Snake (4/4) Lair:2        Slime (5/5) Lair:4
    Orc (2/2) D:10            Elf (0/3) Orc:2        Vaults (4/5) D:13
  Crypt (0/3) Vaults:3     Depths (0/4) D:15         Bailey (visited)

Altars:
Ashenzari
Cheibriados
Dithmenos
Elyvilon
Fedhas
Gozag
Hepliaklqana
Kikubaaqudgha
Makhleb
Nemelex Xobeh
Okawaru
Qazlal
Ru
Sif Muna
Trog
Uskayaw
Vehumet
Wu Jian
Xom
Yredelemnul
Zin
The Shining One
Beogh
Jiyva

Shops:
D:7 [   D:8 *   D:13 *   Orc:1 =   Orc:2 (*:[   Snake:2 :   Snake:3 ::*=
Vaults:2 :   Vaults:4 *

Annotations:
D:6 2 runed translucent doors, avangion's ghost, novice DECj
D:7 1 runed translucent door, 1 exclusion, Crazy Yiuf
D:14 3 runed translucent doors, exclusion: 3 doors, Gonkerye's ghost, journeyman DgHu
Swamp:4 Lernaean hydra
Slime:5 Royal Jelly
Vaults:3 Saved Convoker


Innate Abilities, Weirdness & Mutations

You are a living statue of rough stone.
Your actions are slow, but your melee attacks are powerful.
You are resistant to unholy torment.
Your maximum health is greatly increased.
Your equipment is partially melded.
You are too large for most types of armour.
You are immune to poison.
You have claws for hands.
Your natural rate of healing is unusually fast.
((You are covered in fur. (AC +1)))
((You have tough skin. (AC +1)))


Message History

Your troll bites the quicksilver ooze!!
Your troll completely misses the quicksilver ooze.
Your troll claws the quicksilver ooze!
The quicksilver ooze misses you.
The quicksilver ooze closely misses you.
Your ogre hits the rockslime with a +0 giant club.
You take 2 damage, and have 108/288 hp.
You scratch the quicksilver ooze.
The quicksilver ooze is lightly wounded.
The rockslime hits your ogre!!!
Your ogre holds its ground!
Your ogre dies!
Your ogre's corpse disappears in a puff of smoke!
Your troll bites the quicksilver ooze.
Your troll claws the quicksilver ooze but does no damage.
Your troll barely misses the quicksilver ooze.
The quicksilver ooze hits you. The quicksilver ooze misses you. x2
The quicksilver ooze barely misses you.
A rockslime comes into view.
You take 2 damage, and have 106/288 hp.
You claw the quicksilver ooze!
The quicksilver ooze is moderately wounded.
Your extra speed is starting to run out.
The quicksilver ooze barely misses you.
The quicksilver ooze hits you but does no damage.
The quicksilver ooze hits you. The quicksilver ooze barely misses you.
Your troll barely misses the rockslime.
Your troll claws the rockslime.
Your troll claws the rockslime!
You scratch the quicksilver ooze.
The quicksilver ooze is moderately wounded.
The quicksilver ooze closely misses you.
The quicksilver ooze hits you but does no damage.
The quicksilver ooze completely misses you.
The quicksilver ooze hits you but does no damage.
Your troll bites the rockslime!
Your troll claws the rockslime.
Your troll claws the rockslime but does no damage.
Unknown command.
You miss the quicksilver ooze.
The quicksilver ooze is moderately wounded.
The rockslime hits you but does no damage.
The quicksilver ooze hits you. The quicksilver ooze barely misses you.
The rockslime hits your troll!!!
Your troll holds its ground!
Your troll dies!
Your troll's corpse disappears in a puff of smoke!
The quicksilver ooze hits you! The quicksilver ooze engulfs you!
The quicksilver ooze hits you.
You feel your power leaking away.
The rockslime quivers.
You take 14 damage, and have 94/288 hp.
You now have 11/20 mp.
Unknown command.
As you read the scroll of teleportation, it crumbles to dust.
You feel strangely unstable.
The quicksilver ooze closely misses you.
The quicksilver ooze barely misses you. The quicksilver ooze hits you.
The quicksilver ooze hits you!
You feel your power leaking away. The rockslime hits you!
* * * LOW HITPOINT WARNING * * *
You hold your ground!
The rockslime hits you!
* * * LOW HITPOINT WARNING * * *
You hold your ground!
The quicksilver ooze barely misses you.
The quicksilver ooze closely misses you.
You take 34 damage, and have 60/288 hp.
You now have 6/20 mp.
You feel much better. The quicksilver ooze hits you.
The quicksilver ooze hits you!
* * * LOW HITPOINT WARNING * * *
You feel your power leaking away.
The rockslime hits you but does no damage.
The rockslime barely misses you. The quicksilver ooze hits you.
The quicksilver ooze hits you!
* * * LOW HITPOINT WARNING * * *
The quicksilver ooze completely misses you. x2
You now have 0/20 mp.
Unknown command.
Okay, then.
Unknown command.
You feel much better. The quicksilver ooze hits you!
* * * LOW HITPOINT WARNING * * *
The quicksilver ooze hits you but does no damage.
The rockslime closely misses you. The quicksilver ooze hits you.
The quicksilver ooze barely misses you. The rockslime hits you!
* * * LOW HITPOINT WARNING * * *
You hold your ground!
The quicksilver ooze barely misses you.
The quicksilver ooze hits you but does no damage.
The rockslime hits you!
* * * LOW HITPOINT WARNING * * *
You hold your ground!
The quicksilver ooze hits you!!
* * * LOW HITPOINT WARNING * * *
The quicksilver ooze hits you but does no damage.
You take 24 damage, and have 37/288 hp.
Unknown command.
You fail to use your ability.
The rockslime hits you!
* * * LOW HITPOINT WARNING * * *
You hold your ground!
The quicksilver ooze hits you!
* * * LOW HITPOINT WARNING * * *
The quicksilver ooze hits you but does no damage.
The quicksilver ooze hits you.
* * * LOW HITPOINT WARNING * * *
The quicksilver ooze hits you but does no damage.
The rockslime closely misses you. The rockslime hits you!
You die...

.. .. #.#### ######.#
.#...#... ...#.. #.
......... ..... ...
...#...#... ...# ..# ..
#.###.###.#######.###.###.#
.#...#...#...#...#JJ.#...#.J
.......#.......JJJJ#...#...
#...#...#...#.JI#J..#...#
##.###.###.#######J###.##
#...#...#...# #JJ.#...#...
#...........# #.J...#.....
...#...#...# #...#...#...
##.###### ######.## #...#
..# #...# .# #...# .#


You could see the Royal Jelly, 3 rockslimes and 3 quicksilver oozes.

Vanquished Creatures
  Mara (Snake:4)
  Vashnia (Snake:2)
  Rupert (D:14)
  10 acid blobs
  Mlioglotl (Snake:2)
  The ghost of Qimyqihi the Bringer of Blasphemy, an adept VSFi of Yredelemnul (Vaults:2)
  Gastronok (Lair:3)
  An ancient champion (Vaults:3)
  Frances (Snake:1)
  A thorn hunter (Swamp:1)
  Roxanne (Snake:4)
  Aizul (Swamp:2)
  A fenstrider witch (Swamp:2)
  7 nagarajas (Snake:4)
  A rockslime (Slime:5)
  A tengu reaver (Vaults:1)
  8 azure jellies
  A frost giant (Vaults:3)
  A fire giant (Vaults:4)
  12 vault wardens
  Louise (Snake:1)
  2 very ugly things
  2 orc warlords
  3 quicksilver oozes
  18 ironbound preservers
  A stone giant (Vaults:3)
  7 ironbound thunderhulks
  2 formless jellyfish
  A deep elf death mage (Vaults:3)
  3 eleionomae
  6 dire elephants
  3 bunyips (Swamp:2)
  3 war gargoyles
  Azrael (Snake:2)
  A quicksilver dragon zombie (D:15)
  An ettin (Vaults:3)
  2 eidola (Vaults:3)
  Josephine (D:12)
  2 shambling mangroves (Swamp:2)
  14 yaktaur captains
  2 crystal guardians
  8 vault guards
  A rakshasa (D:13)
  2 peacekeepers
  2 entropy weavers (Vaults:3)
  6 ghost crabs
  13 hydras
  7 centaur warriors
  4 salamander tyrants
  8 great orbs of eyes
  A sphinx zombie (D:15)
  8 ironbound frosthearts
  7 alligators
  2 catoblepae (Lair:2)
  4 boulder beetles
  9 anacondas
  4 death yaks (Lair:2)
  A tengu warrior (D:13)
  7 two-headed ogres
  A vampire mage (D:15)
  13 naga warriors
  10 shock serpents
  20 naga sharpshooters
  2 sun demons (D:13)
  Amaemon (D:9)
  Nergalle (Orc:2)
  2 soul eaters
  A salamander mystic (Snake:4)
  38 deep trolls
  A golden dragon zombie (Vaults:1)
  2 skysharks (Lair:2)
  A spark wasp zombie (D:15)
  A deep troll (shapeshifter) (Vaults:3)
  8 goliath frogs
  A glowing orange brain (Vaults:4)
  6 skeletal warriors
  13 swamp dragons
  A spriggan druid (Swamp:4)
  16 ironbound convokers
  16 mana vipers
  12 arcanists
  5 naga ritualists
  10 lindwurms
  4 necromancers
  A phantasmal warrior (Vaults:1)
  An obsidian bat (Orc:2)
  4 deep elf pyromancers
  4 orc knights
  25 ugly things
  An orc sorcerer (Orc:2)
  5 will-o-the-wisps
  4 cyclopes
  A shining eye (Slime:1)
  11 salamanders
  An elf skeleton (Vaults:3)
  4 manticores
  A stone giant skeleton (Vaults:3)
  19 vault sentinels
  3 meliai (D:13)
  2 kobold blastminers (Orc:2)
  A guardian serpent (Snake:4)
  A rust devil (D:13)
  16 naga magi
  2 smoke demons (D:13)
  26 black mambas
  14 elephants
  A gargoyle (D:11)
  2 cane toads
  6 orange demons
  A cane toad (shapeshifter) (D:15)
  A torpor snail (Lair:5)
  2 rime drakes (Lair:5)
  36 yaktaurs
  9 kobold demonologists
  3 unseen horrors
  3 tengu conjurers (D:14)
  9 komodo dragons
  3 ice devils (D:13)
  3 red devils (D:13)
  10 trolls
  4 hellwings (D:13)
  16 hornets
  4 polar bears
  10 tyrant leeches
  Prince Ribbit (D:7)
  A raiju (Orc:1)
  19 blink frogs
  A human simulacrum (Vaults:1)
  An ettin zombie (Vaults:1)
  58 slime creatures
  A glass eye (Slime:4)
  6 wraiths
  51 yaks
  20 spriggans
  A ynoxinul (D:13)
  An elf simulacrum (Vaults:3)
  3 fire elementals (Snake:1)
  A fire bat (Orc:1)
  6 wyverns
  A steam dragon (D:8)
  6 basilisks
  3 redbacks (Vaults:3)
  A neqoxec (D:13)
  3 wargs
  16 vampire mosquitoes
  A chaos spawn (D:13)
  49 nagas
  21 swamp worms
  2 acid dragons (D:12)
  A glowing shapeshifter skeleton (Vaults:3)
  Duvessa (D:7)
  5 hell hounds
  14 water moccasins
  3 ice beasts
  7 swamp drakes (Swamp:4)
  5 black bears
  21 orc warriors
  2 laughing skulls (D:14)
  21 wolves
  3 centaurs
  2 ogres
  A human skeleton (Vaults:1)
  6 boggarts
  4 phantoms
  14 kobold brigands
  3 gnoll sergeants
  5 scorpions
  13 bullfrogs
  4 wights
  Dowan (D:7)
  5 killer bees (D:9)
  5 electric eels (Lair:3)
  15 howler monkeys
  3 lava snakes (Lair:2)
  A hound (D:5)
  8 jellies
  11 orc priests
  2 gnoll boudas
  4 iguanas
  19 orc wizards
  Robin (D:2)
  26 gnolls
  9 adders
  3 shadow imps (D:5)
  4 ufetubi (D:5)
  3 ribbon worms
  4 dart slugs
  59 orcs
  5 ball pythons
  7 bats
  12 endoplasms
  2 giant cockroaches
  10 hobgoblins
  2 quokkas
  14 frilled lizards (D:1)
  25 goblins
  32 kobolds
  5 rats
1385 creatures vanquished.

Vanquished Creatures (collateral kills)
  An acid blob (Slime:5)
  2 quicksilver oozes (Slime:5)
  An orc warlord (Orc:2)
  An orc high priest (Orc:2)
  A sun demon (D:13)
  3 orc knights (Orc:2)
  A shining eye (Slime:4)
  A salamander (Snake:2)
  A naga mage (Snake:2)
  A black mamba (Snake:2)
  A red devil (D:13)
  A troll (Orc:2)
  A hellwing (D:13)
  A ynoxinul (D:13)
  A naga (Snake:2)
  8 orc warriors (Orc:2)
  4 orc priests (Orc:2)
  2 orc wizards (Orc:2)
  7 orcs (Orc:2)
39 creatures vanquished.

Vanquished Creatures (others)
  A goliath frog (Swamp:3)
  2 bloated husks
  A hornet (Swamp:3)
  2 spriggans
  An orc warrior (Orc:2)
  A hell hound (Snake:2)
  A wolf (Lair:5)
  A boggart (Vaults:2)
  2 kobolds (D:11)
  21 foxfires
33 creatures vanquished.

Grand Total: 1457 creatures vanquished

Notes
Turn   | Place    | Note
-------+----------+-------------------------------------------
     0 | D:1      | backslashecho the Troll Shapeshifter began the quest for
                  | the Orb.
     0 | D:1      | Reached XP level 1. HP: 18/18 MP: 0/0
    96 | D:1      | Reached skill level 1 in Fighting
    98 | D:1      | Reached XP level 2. HP: 27/27 MP: 1/1
   370 | D:1      | Reached XP level 3. HP: 33/33 MP: 2/2
   448 | D:1      | Found a faded altar of an unknown god.
   627 | D:2      | Noticed Robin
   727 | D:2      | Killed Robin
   808 | D:2      | Reached XP level 4. HP: 36/41 MP: 3/3
   966 | D:2      | Reached skill level 4 in Unarmed Combat
  1249 | D:1      | Reached XP level 5. HP: 24/49 MP: 4/4
  2355 | D:4      | Reached XP level 6. HP: 51/57 MP: 5/5
  2379 | D:4      | Reached skill level 5 in Unarmed Combat
  2747 | D:4      | Found a staircase to the Ecumenical Temple.
  2754 | Temple   | Entered the Ecumenical Temple
  3205 | D:5      | Entered Level 5 of the Dungeon
  3414 | D:5      | Reached XP level 7. HP: 66/66 MP: 6/6
  3705 | D:5      | Reached skill level 6 in Unarmed Combat
  3840 | D:5      | Found a glowing golden altar of the Shining One.
  3869 | D:5      | Reached XP level 8. HP: 69/75 MP: 7/7
  3924 | D:5      | Reached skill level 5 in Shapeshifting
  3963 | D:5      | Found a sacrificial altar of Ru.
  4420 | D:6      | Reached skill level 7 in Unarmed Combat
  4652 | D:6      | Found a runed translucent door.
  4652 | D:6      | Noticed avangion's ghost (novice DECj)
  4743 | D:6      | Found an ornate altar of the Wu Jian Council.
  4785 | D:6      | Found a runed translucent door.
  5063 | D:7      | Noticed Duvessa
  5164 | D:7      | Noticed Dowan
  5169 | D:7      | Killed Duvessa
  5172 | D:7      | Killed Dowan
  5199 | D:7      | Reached skill level 8 in Unarmed Combat
  5199 | D:7      | Reached XP level 9. HP: 64/84 MP: 8/8
  5261 | D:7      | Found a shimmering blue altar of Sif Muna.
  5319 | D:7      | Noticed Prince Ribbit
  5324 | D:7      | Killed Prince Ribbit
  5413 | D:7      | Found Keotesch's Antique Armour Shoppe.
  5467 | D:7      | Found a bloodstained altar of Trog.
  5479 | D:7      | Became a worshipper of Trog the Wrathful
  5621 | D:7      | Found a runed translucent door.
  5622 | D:7      | Noticed Crazy Yiuf
  5820 | D:7      | Reached skill level 5 in Dodging
  5912 | D:8      | Found a hazy altar of Hepliaklqana.
  6060 | D:8      | Reached skill level 9 in Unarmed Combat
  6116 | D:8      | Found Inuopitz's Gadget Gallery.
  6150 | D:8      | Noticed an elephant
  6185 | D:7      | Killed an elephant
  6186 | D:7      | Reached skill level 5 in Fighting
  6235 | D:8      | Noticed an elephant
  6279 | D:7      | Killed an elephant
  6280 | D:7      | Reached XP level 10. HP: 96/96 MP: 9/9
  6348 | D:8      | Found an ornate altar of the Wu Jian Council.
  6350 | D:8      | Noticed an elephant
  6371 | D:8      | Killed an elephant
  6377 | D:8      | Reached skill level 10 in Unarmed Combat
  6389 | D:8      | Noticed an elephant
  6430 | D:8      | Reached * piety under Trog
  6485 | D:8      | Killed an elephant
  6879 | D:8      | Found a radiant altar of Vehumet.
  7055 | D:8      | Found a faded altar of an unknown god.
  7055 | D:8      | Found a basalt altar of Yredelemnul.
  7063 | D:8      | Found an opulent altar of Gozag.
  7065 | D:8      | Found an ancient bone altar of Kikubaaqudgha.
  7067 | D:8      | Found an iron altar of Okawaru.
  7152 | D:9      | Noticed an elephant
  7201 | D:9      | Noticed Amaemon
  7201 | D:9      | Noticed an orange demon
  7217 | D:9      | Found a flagged portal.
  7225 | D:9      | Paralysed by a hornet for 1 turns
  7276 | Bailey   | Entered a bailey
  7354 | Bailey   | Reached ** piety under Trog
  7414 | Bailey   | Noticed an orc knight
  7427 | Bailey   | Killed an orc knight
  7534 | Bailey   | Found an iron altar of Okawaru.
  7929 | D:9      | Killed an elephant
  7956 | D:9      | Reached skill level 11 in Unarmed Combat
  8121 | D:9      | Killed Amaemon
  8122 | D:9      | Reached XP level 11. HP: 49/107 MP: 10/10
  8130 | D:9      | Noticed a red ugly thing
  8137 | D:9      | Killed a red ugly thing
  8278 | D:9      | Found a staircase to the Lair.
  8610 | D:10     | Entered Level 10 of the Dungeon
  8814 | D:10     | Reached *** piety under Trog
  9002 | D:10     | Noticed a two-headed ogre
  9019 | D:10     | Killed a two-headed ogre
  9041 | D:10     | Found a staircase to the Orcish Mines.
  9827 | D:11     | Reached **** piety under Trog
  9878 | D:11     | Reached skill level 12 in Unarmed Combat
  9889 | D:11     | Reached skill level 9 in Shapeshifting
  9996 | D:11     | Noticed a soul eater
 10058 | D:11     | Identified the +1 short sword of Bodily Harmony {venom,
                  | Str+7}
 10097 | D:11     | Reached XP level 12. HP: 110/119 MP: 11/11
 10742 | Lair:1   | Entered Level 1 of the Lair of Beasts
 12465 | Lair:2   | Noticed a catoblepas
 12479 | Lair:2   | Killed a catoblepas
 12500 | Lair:2   | Reached skill level 13 in Unarmed Combat
 12509 | Lair:2   | Reached skill level 9 in Dodging
 12638 | Lair:2   | Noticed a death yak
 12638 | Lair:2   | Noticed a death yak
 12655 | Lair:2   | Noticed a death yak
 12658 | Lair:2   | Killed a death yak
 12660 | Lair:2   | Noticed a death yak
 12666 | Lair:2   | Noticed a catoblepas
 12670 | Lair:2   | Killed a death yak
 12670 | Lair:2   | Reached ***** piety under Trog
 12671 | Lair:2   | Reached skill level 9 in Fighting
 12690 | Lair:2   | Killed a death yak
 12695 | Lair:2   | Reached XP level 13. HP: 121/131 MP: 12/12
 12841 | Lair:2   | Found a staircase to the Snake Pit.
 13467 | Lair:3   | Received a gift from Trog
 13763 | Lair:3   | Noticed Gastronok
 13785 | Lair:3   | Killed Gastronok
 14773 | Lair:3   | Found a staircase to the Swamp.
 15168 | Lair:4   | Found a staircase to the Slime Pits.
 15169 | Lair:4   | Found a viscous altar of Jiyva.
 15993 | Lair:5   | Entered Level 5 of the Lair of Beasts
 16439 | Lair:5   | Reached skill level 14 in Unarmed Combat
 16679 | Lair:5   | Received a gift from Trog
 16710 | Lair:5   | Reached XP level 14. HP: 143/143 MP: 13/13
 16737 | Lair:5   | Identified the +2 ring mail "Okhleh" {rC- rN+ Str+3}
 17240 | Lair:5   | Paralysed by a hornet for 2 turns
 17758 | Orc:1    | Entered Level 1 of the Orcish Mines
 18010 | Orc:1    | Found a shimmering altar of Xom.
 18132 | Orc:2    | Entered Level 2 of the Orcish Mines
 18223 | Orc:1    | Found Ynashri's Jewellery Shop.
 18397 | Orc:2    | Noticed an orc warlord
 18400 | Orc:2    | Noticed Nergalle
 18529 | Orc:2    | Killed an orc warlord
 18535 | Orc:2    | Killed Nergalle
 18565 | Orc:2    | Found a roughly hewn altar of Beogh.
 18585 | Orc:2    | Reached skill level 12 in Shapeshifting
 18595 | Orc:2    | Found Xac Erip's Antique Armour Boutique.
 18789 | D:7      | Bought a glowing robe for 107 gold pieces
 19018 | Orc:2    | Noticed an orc warlord
 19045 | Orc:2    | Killed an orc warlord
 19160 | Orc:2    | Found a burning altar of Makhleb.
 19190 | Orc:2    | Found a roughly hewn altar of Beogh.
 19350 | Orc:2    | Found Beicac's Antique Weapon Boutique.
 19391 | Orc:2    | Found a staircase to the Elven Halls.
 19483 | Orc:2    | Found a roughly hewn altar of Beogh.
 19569 | Orc:2    | Found Roshaile's General Store.
 19583 | Orc:2    | Found Plog's Book Boutique.
 19729 | Orc:2    | Bought a potion of haste for 140 gold pieces
 19780 | Orc:1    | Bought the ring of Modesty {rC+ Str+3 Int+3} for 713 gold
                  | pieces
 19780 | Orc:1    | Bought the amulet "Abbe" {Acrobat Rampage +Blink} for 704
                  | gold pieces
 19887 | D:12     | Received a gift from Trog
 19928 | D:12     | Noticed Josephine
 19971 | D:12     | Killed Josephine
 19989 | D:12     | You fall into a shaft and drop 2 floors!
 20113 | D:14     | Identified the ring "Jebruathru" {Ice rElec Will+ Str+5
                  | Dex-2}
 20139 | D:13     | Reached skill level 15 in Unarmed Combat
 20712 | D:12     | Reached XP level 15. HP: 145/154 MP: 14/14
 21541 | D:13     | Received a gift from Trog
 21996 | D:13     | Found a gate to the Vaults.
 22175 | D:13     | Found Searomona's Assorted Antiques.
 22272 | D:14     | Noticed Rupert
 22291 | D:14     | Killed Rupert
 22336 | D:14     | Reached skill level 12 in Dodging
 22652 | D:14     | Found an opulent altar of Gozag.
 22831 | D:14     | Noticed Gonkerye's ghost (journeyman DgHu)
 22833 | D:14     | Found a runed translucent gate.
 22833 | D:14     | Found a runed translucent gate.
 22833 | D:14     | Found a runed translucent gate.
 22840 | D:14     | Received a gift from Trog
 23072 | D:15     | Entered Level 15 of the Dungeon
 23128 | D:15     | Reached skill level 12 in Fighting
 23140 | D:15     | Identified the +7 executioner's axe "Hiwulot" {holy, rElec
                  | rF++ Int+3}
 23364 | D:15     | Found a staircase to the Depths.
 23560 | D:15     | Reached skill level 16 in Unarmed Combat
 23986 | Swamp:1  | Entered Level 1 of the Swamp
 24200 | Swamp:1  | Identified the +5 sling of True Grit {speed, rElec Will+
                  | Str-2 Int+4}
 24240 | Swamp:1  | Reached XP level 16. HP: 165/165 MP: 15/15
 24539 | Swamp:1  | Noticed a thorn hunter
 24556 | Swamp:1  | Killed a thorn hunter
 24557 | Swamp:1  | Reached skill level 1 in Evocations
 24974 | Swamp:2  | Identified the serpent talisman of Toemihai {rC+ rCorr}
 24974 | Swamp:2  | Noticed Aizul
 24985 | Swamp:2  | Killed Aizul
 26124 | Swamp:2  | Paralysed by a hornet for 2 turns
 26584 | Swamp:4  | Entered Level 4 of the Swamp
 26916 | Swamp:4  | Received a gift from Trog
 27224 | Swamp:4  | Noticed the 27-headed Lernaean hydra
 27485 | Swamp:4  | Got a decaying rune of Zot
 27814 | D:13     | Bought a runed scarf for 216 gold pieces
 27934 | Orc:1    | Bought the ring of Heki {Fire MP+9 Int+5} for 982 gold
                  | pieces
 28058 | Snake:1  | Entered Level 1 of the Snake Pit
 28195 | Snake:1  | Noticed Frances
 28206 | Snake:1  | Killed Frances
 28207 | Snake:1  | Reached skill level 17 in Unarmed Combat
 28211 | Snake:1  | Reached XP level 17. HP: 176/176 MP: 16/16
 29107 | Snake:1  | Noticed Louise
 29117 | Snake:1  | Killed Louise
 29143 | Snake:2  | Found Zeitoaf's Book Shop.
 29152 | Snake:2  | Received a gift from Trog
 29360 | Snake:2  | Noticed Azrael
 29371 | Snake:2  | Killed Azrael
 29620 | Snake:2  | Reached XP level 18. HP: 183/183 MP: 17/17
 29631 | Snake:2  | Reached skill level 5 in Evocations
 30009 | Snake:2  | Noticed Vashnia
 30011 | Snake:2  | Noticed Mlioglotl
 30051 | Snake:2  | Killed Mlioglotl
 30060 | Snake:2  | Reached skill level 15 in Shapeshifting
 30336 | Snake:2  | Killed Vashnia
 30692 | Snake:3  | Found Loifaz's Book Shop.
 30732 | Snake:2  | Identified the +3 great sword "Qaothoiz" {antimagic, rPois
                  | Will+ Dex+3} (Trog gifted it to you on level 2 of the Snake
                  | Pit)
 30732 | Snake:2  | Received a gift from Trog
 30837 | Snake:3  | Found Enynono's Book Boutique.
 30837 | Snake:3  | Found Suituuhe's General Store.
 30841 | Snake:3  | Found Cosor's Jewellery Boutique.
 31316 | Snake:3  | Identified the +4 flail of Light {freeze, rPois Will- SInv}
 31385 | Snake:4  | Entered Level 4 of the Snake Pit
 31628 | Snake:4  | Noticed Roxanne
 32079 | Snake:4  | Noticed Mara
 32092 | Snake:4  | Noticed backslashecho's illusion
 32094 | Snake:4  | Killed Mara
 32395 | Snake:4  | Killed Roxanne
 32441 | Snake:4  | Reached skill level 18 in Unarmed Combat
 32448 | Snake:4  | Reached XP level 19. HP: 197/197 MP: 18/18
 32659 | Snake:4  | Identified the +8 glaive of Slow Death {flame, rF++ Str-4}
                  | (Trog gifted it to you on level 4 of the Snake Pit)
 32659 | Snake:4  | Received a gift from Trog
 33022 | Snake:4  | Got a serpentine rune of Zot
 33372 | Vaults:1 | Entered Level 1 of the Vaults
 34320 | Vaults:1 | Received a gift from Trog
 35350 | Vaults:2 | Reached ****** piety under Trog
 35513 | Vaults:2 | Found Ebu Sepp's Book Emporium.
 35610 | Vaults:2 | Received a gift from Trog
 35635 | Vaults:2 | Reached skill level 15 in Dodging
 35649 | Vaults:2 | Reached skill level 15 in Fighting
 35652 | Vaults:2 | Reached XP level 20. HP: 210/210 MP: 19/19
 35653 | Vaults:2 | Reached skill level 19 in Unarmed Combat
 35954 | Vaults:2 | Found a large runed translucent door.
 35954 | Vaults:2 | Found a large runed translucent door.
 35954 | Vaults:2 | Found a large runed translucent door.
 35954 | Vaults:2 | Found a large runed translucent door.
 35954 | Vaults:2 | Noticed Qimyqihi's ghost (adept VSFi)
 35955 | Vaults:2 | Found a large runed translucent door.
 35955 | Vaults:2 | Found a large runed translucent door.
 35955 | Vaults:2 | Found a large runed translucent door.
 35955 | Vaults:2 | Found a large runed translucent door.
 36362 | Vaults:2 | Killed Qimyqihi's ghost
 36923 | Vaults:3 | Received a gift from Trog
 37911 | Vaults:3 | Found a staircase to the Crypt.
 38583 | Vaults:3 | Received a gift from Trog
 39141 | Vaults:4 | Reached XP level 21. HP: 221/221 MP: 20/20
 39268 | Vaults:4 | Reached skill level 20 in Unarmed Combat
 39440 | Vaults:4 | Found Seodips's General Store.
 39501 | Vaults:4 | Identified the +9 dagger of Judgement {heavy, rElec Will-
                  | Dex+4}
 39549 | Vaults:4 | Received a gift from Trog
 40136 | Slime:1  | Entered Level 1 of the Pits of Slime
 40359 | Slime:5  | Entered Level 5 of the Pits of Slime
 40436 | Slime:5  | Noticed the Royal Jelly
 40484 | Slime:5  | HP: 11/288 [quicksilver ooze[the Royal Jelly] (11)]
 40484 | Slime:5  | Slain by a rockslime

Illustrated notes

Levels and vault maps discovered:
D:1:      amcnicky_arrival_flooded_fountain, layout_rooms,
          dreamdust_ecumenical_altar_angels_and_demons, grunt_decor_arrowhead,
          minmay_lizard_pond
D:2:      minmay_inner_zag, layout_rooms, minivault_4, grunt_decor_one_mirror,
          uniq_robin
D:3:      layout_loops_ring
D:4:      layout_cave_pods, minmay_temple_entry_fiery,
          minmay_fractal_squares_gapless_5
D:5:      minmay_diamond_boxcup, layout_basic, nicolae_tso_carved_into_rock,
          overflow_temple_1_default
D:6:      layout_basic, nzn_wu_jian_council_hall, ebering_ghost_sewer_f
D:7:      layout_gridville, mainiacjoe_overflow_paths, lemuel_crystal_altar,
          serial_shops, nicolae_shop_window_shopping, uniq_crazy_yiuf_cottage,
          uniq_duvessa, uniq_prince_ribbit1
D:8:      wad_woods_stonehenge, layout_loops_ring,
          nicolae_hepliaklqana_hazy_memory, chequers_temple_overflow_minitemple,
          vehumet_crystals, nicolae_shop_gadgets
D:9:      layout_irregular_city, david_lair_generic, enter_bailey_3,
          uniq_amaemon
D:10:     layout_basic, kennysheep_orc_monster_closet_entryway
D:11:     layout_stronghold, nicolae_twisting_strands
D:12:     kennysheep_blocky_hall, layout_small_grid, uniq_josephine
D:13:     layout_roguey, david_vaults_1, serial_demonic, serial_demonic_b,
          serial_demonic_f, serial_demonic_e, serial_demonic_e,
          serial_demonic_d, serial_demonic_e, serial_demonic_e,
          serial_demonic_d, serial_demonic_d, serial_demonic_g, serial_shops,
          shop, minmay_bent
D:14:     layout_stronghold, nicolae_gozag_seed_capital, gammafunk_ghost_split,
          uniq_rupert
D:15:     gammafunk_depths_entry_grave, layout_basic, minmay_misc_feat_columns
Temple:   minmay_freezing_vapour_temple
Lair:1:   layout_layer_cave, grunt_megastairs_2
Lair:2:   layout_misc_corridors, nicolae_snake_entry_warm_welcome
Lair:3:   layout_hall_layers, minmay_swamp_entry_worms, disabler_island,
          serial_bayou_shore_a, lemuel_fruit_fields, uniq_gastronok
Lair:4:   layout_regular_city, nicolae_slime_entry_field_trip, minmay_holes,
          beast_lair_carwin_1, serial_bayou_shore_b
Lair:5:   minmay_lair_end_enchanted_forest, layout_loops_ring
Swamp:1:  layout_basic_swamp, nicolae_swamp_round_clearing, swamp_pool_1_2
Swamp:2:  layout_basic_swamp, evilmike_swamp_ruin_house_3, uniq_aizul
Swamp:3:  layout_basic_swamp, nicolae_swamp_rocky_clearing
Swamp:4:  swamp_old_school, layout_basic_swamp, infiniplex_staircase_pool
Snake:1:  layout_basic, nicolae_snake_mages_go_home, uniq_louise, uniq_frances
Snake:2:  layout_misc_corridors, minmay_shop_grid_forest, uniq_mlioglotl,
          uniq_azrael, uniq_vashnia
Snake:3:  layout_misc_corridors, special_room,
          serial_library_regret_index_turning, nicolae_stop_n_shop_1,
          grunt_megastairs_4, minmay_shop_star
Snake:4:  minmay_snake_end_coiled, layout_misc_corridors, uniq_mara,
          uniq_roxanne
Slime:1:  layout_caves
Slime:2:  layout_caves
Slime:3:  layout_caves
Slime:4:  layout_caves, uniq_dissolution
Slime:5:  slime_pit_nicolae_block_by_block
Orc:1:    layout_diamond_mine, basic_altar, serial_shops,
          nicolae_shop_rolling_square, regret_index_xom_of_box
Orc:2:    grunt_orc_cross, layout_caves, regret_index_minedec_devilstone,
          lemuel_statue_altar
Vaults:1: ontoclasm_vaults_ring_small, vaults_room_corners,
          ontoclasm_vaults_pinch, vaults_mumra_hex, vaults_dpeg_doors,
          vaults_dpeg_hooks, st_smaller_cells, nicolae_vaults_trapezoid_3,
          v_misc_17, nicolae_vaults_trapezoid_2, layout_vaults_chaotic_city
Vaults:2: advil_vaults_ghost_lines, v_misc_2,
          nicolae_vaults_shipping_containers_3, nicolae_vaults_heist,
          nicolae_vaults_spaceships, nicolae_vaults_diamond_2,
          hangedman_vaults_capsules, nicolae_vaults_oval_intersection,
          nicolae_vaults_stairing_the_circle, v_pattern_1,
          nicolae_vaults_tetromino_L_2, nicolae_vaults_double_plus_1, v_misc_19,
          ontoclasm_vaults_gateway, vaults_dpeg_emergency_exit,
          layout_vaults_omnibox, serial_shops, nicolae_diamond_shop
Vaults:3: hangedman_vaults_locks, st_star, v_alt_pattern_6,
          nicolae_vaults_apartment_2, nicolae_vaults_network_periphery,
          nicolae_vaults_mitosis, serial_ice_g, nicolae_vaults_weapon_check,
          nicolae_vaults_angled_halls, nicolae_vaults_stepped_doors,
          layout_vaults_omnigrid, minmay_crypt_entry_simple_box
Vaults:4: nicolae_vaults_apartment_2, nicolae_vaults_meiosis,
          nicolae_vaults_lopsided_apartments, v_misc_16, v_misc_32,
          nicolae_vaults_network_s, nicolae_vaults_storage_closets_3,
          nicolae_vaults_yaktaur_gun_rack, nicolae_vaults_double_plus_1,
          ontoclasm_vaults_decontamination, hangedman_vaults_nails, v_misc_19,
          nicolae_vaults_little_squares_1, grunt_vaults_hallway_long,
          layout_vaults_maze_bifur, serial_shops, nicolae_shop_back_alley_shop

Skill      XL: |  1  2  3  4  5  6  7  8  9 10 11 12 13 14 15 16 17 18 19 20 21 |
---------------+----------------------------------------------------------------+-----
Fighting       | 1 2 3 4 5 6 7 9 10 11 12 13 14 15 16 | 16.2
Dodging        | 2 3 4 5 6 7 9 10 11 12 13 14 15 16 | 16.3
Unarmed Combat | 4 5 6 8 9 11 12 13 14 15 16 17 18 19 20 | 20.2
Shapeshifting  | 4 5 6 7 9 10 11 12 13 14 15 16 17 | 17.8
Evocations     | 3 4 5 |  5.0

Action                     |  1- 3 |  4- 6 |  7- 9 | 10-12 | 13-15 | 16-18 | 19-21 || total
---------------------------+-------+-------+-------+-------+-------+-------+-------++-------
  Melee: Unarmed           |   122 |   172 |   195 |   611 |  1263 |   809 |   900 ||  4072
         Punch             |     2 |     4 |    11 |     3 |     1 |       |   107 ||   128
         Constrict         |       |       |       |       |    53 |   172 |     2 ||   227
  Throw: Dart              |       |     5 |    22 |     5 |       |       |       ||    32
 Invoke: Trog's Hand       |       |       |       |     1 |     8 |     5 |     3 ||    17
         Brothers in Arms  |       |       |       |       |     6 |     2 |     5 ||    13
         Berserk           |       |       |       |       |       |     2 |     2 ||     4
  Evoke: Wand              |       |       |       |    21 |    28 |     4 |     9 ||    62
    Use: Scroll            |       |     4 |       |     9 |    16 |     6 |     7 ||    42
         Potion            |       |       |     1 |     2 |     2 |     2 |     7 ||    14
   Stab: Sleeping          |     1 |       |     3 |       |     1 |     1 |       ||     6
         Invisible         |       |       |       |     2 |     2 |     5 |       ||     9
         Petrified         |       |       |       |     1 |    10 |       |       ||    11
         Petrifying        |       |       |       |     1 |     1 |       |       ||     2
 Armour: Animal skin       |   127 |   113 |   133 |    12 |       |       |       ||   385
         Skin              |       |       |     1 |   198 |   606 |   569 |   873 ||  2247
         Troll leather arm |       |       |       |     7 |       |       |       ||     7
  Dodge: Dodged            |    77 |    63 |    91 |   443 |  1104 |   734 |   872 ||  3384
  Block: Other             |       |       |       |       |       |       |   111 ||   111
         Reflection        |       |       |       |       |       |       |    19 ||    19
   Form: Flux              |       |       |       |     1 |     1 |       |       ||     2
                           |       |       |       |     1 |       |       |       ||     1
         Beast             |       |       |       |     1 |       |       |       ||     1
         Serpent           |       |       |       |       |     3 |     1 |     1 ||     5
         Maw               |       |       |       |       |     1 |       |       ||     1
         Statue            |       |       |       |       |       |       |     2 ||     2

Table legend: (Time is in decaauts)
 A = Elapsed time spent in this place.
 B = Non-inter-level travel time spent in this place.
 C = Inter-level travel time spent in this place.
 D = Time resting spent in this place.
 E = Time spent auto-exploring this place.
 F = Levels seen in this place.
 G = Mean time per level.
                   A        B        C        D        E       F      G
               +--------+--------+--------+--------+--------+-----+--------+
         Total |  43316 |  37498 |   5818 |   4046 |  22505 |  41 | 1056.5 |
       Dungeon |  15693 |  12909 |   2784 |    909 |   8055 |  15 | 1046.2 |
        Temple |      1 |      0 |      1 |      0 |      0 |   1 |    1.0 |
          Lair |   7506 |   6439 |   1067 |    988 |   3766 |   5 | 1501.2 |
         Swamp |   3518 |   3220 |    298 |    562 |   1744 |   4 |  879.5 |
     Snake Pit |   5256 |   4772 |    484 |    673 |   2583 |   4 | 1314.0 |
    Slime Pits |    346 |    345 |      1 |     94 |      0 |   5 |   69.2 |
  Orcish Mines |   1893 |   1666 |    227 |    189 |    950 |   2 |  946.5 |
        Vaults |   8771 |   7818 |    953 |    590 |   5366 |   4 | 2192.8 |
        Bailey |    327 |    327 |      0 |     38 |     40 |   1 |  327.0 |
               +--------+--------+--------+--------+--------+-----+--------+

Top non-repeatable levels by time:
Vaults:3: 2828 daAuts
Vaults:2: 2149 daAuts
Vaults:1: 2090 daAuts
 Snake:4: 1864 daAuts
  Lair:3: 1717 daAuts
Vaults:4: 1703 daAuts
  Lair:1: 1646 daAuts
  Lair:2: 1615 daAuts
 Snake:1: 1559 daAuts
    D:13: 1559 daAuts
     D:9: 1548 daAuts
  Lair:5: 1514 daAuts
    D:11: 1375 daAuts
     D:8: 1295 daAuts
    D:10: 1252 daAuts
